[Event "Live Chess"]
[Site "Chess.com"]
[Date "2023.05.20"]
[Round "-"]
[White "Tilbs_12"]
[Black "PaulyD81"]
[Result "1-0"]
[WhiteElo "1587"]
[BlackElo "1151"]
[TimeControl "300"]
[EndTime "10:52:13 PDT"]
[Termination "Tilbs_12 won on time"]

1. e4 d5 2. exd5 Qxd5 3. Nc3 Qa5 4. Bc4 Qe5+ 5. Nge2 e6 6. O-O Qc5 7. Bb3 Nf6 8. d4 Qa5 9. Bd2 c6 10. Ne4 Qd8 11. Nxf6+ Qxf6 12. c3 Nd7 13. Ng3 Qd8 14.
Re1 Be7 15. Qg4 O-O 16. Bh6 Bf6 17. Bf4 g6 18. Ne4 Bg7 19. Bg5 Nf6 20. Nxf6+ Bxf6 21. Bxf6 Qxf6 22. Qe4 Bd7 23. Re3 Rfd8 24. Rf3 Qg7 25. h4 h5 26. Bc2 Rab8 27. Rg3 c5 28. Qe2 cxd4 29. cxd4 Bc6 30. Rd3 Bb5 31. Qf3 Bxd3 32.
Bxd3 Rxd4 33. Bc2 Rbd8 34. Bb3 Rd3 35. Qxb7 Rd1+ 36. Rxd1 Rxd1+ 37. Kh2 Rd8 38. Qxa7 Re8 39. Qe3 e5 40. a3 e4 41. a4 1-0

[Event "Live Chess"]
[Site "Chess.com"]
[Date "2023.05.20"]
[Round "-"]
[White "Delacorta"]
[Black "mliszewski"]
[Result "0-1"]
[WhiteElo "1406"]
[BlackElo "1901"]
[TimeControl "300"]
[EndTime "10:52:13 PDT"]
[Termination "mliszewski won by resignation"]

1. d4 d5 2. Nf3 Nc6 3. e3 Bg4 4. h3 Bxf3 5. Qxf3 e6 6. Nd2 Nf6 7. a3 Bd6 8. b3 O-O 9. Bb2 Re8 10.
c4 e5 11. c5 e4 12. Qd1 Bf8 13. Bb5 Nd7 14. f3 Qg5 15. Qe2 exf3 16. Nxf3 Qg3+ 17.
Qf2 Rxe3+ 18. Be2 Qxf2+ 19. Kxf2 Rxb3 0-1

[Event "Live Chess"]
[Site "Chess.com"]
[Date "2023.05.20"]
[Round "-"]
[White "siddu198"]
[Black "KuriyamaMiraiUA"]
[Result "1-0"]
[WhiteElo "1641"]
[BlackElo "676"]
[TimeControl "300"]
[EndTime "10:52:33 PDT"]
[Termination "siddu198 won by checkmate"]

1. d4 d5 2. e4 dxe4 3. c4 e6 4. Nc3 Nf6 5. Bg5 Nbd7 6. Nxe4 Bb4+ 7. Ke2 h6 8. Bxf6 Nxf6 9. Nxf6+ Qxf6 10. Qa4+ Bd7 11. Qxb4 Qxd4 12. Nf3 Qe4+ 13. Kd1 b6 14. Nd2 Qc6 15. Qc3 O-O 16. Kc2 a5 17. Bd3 b5 18.
cxb5 Qxc3+ 19. bxc3 Rfb8 20. Rab1 f5 21. a4 Kf7 22. Bc4 Kf6 23. Nf3 e5 24. Rhd1 Be6 25.
Bxe6 Kxe6 26. Rd2 e4 27. Nd4+ Ke5 28. Nc6+ Kf4 29. Nxb8 Rxb8 30. Rbd1 e3 31. fxe3+ Kxe3 32. Rd3+ Kf4 33. Rf1+ Kg5 34. Rd5 Rf8 35. h3 Kg6 36. g4 Rf6 37. Rdxf5 Rxf5 38. Rxf5 Kh7 39. Rc5 g6 40. Rxc7+ Kg8 41. Ra7 Kf8 42. Rxa5 Kf7 43. Ra7+ Kf6 44. Kd3 Kg5 45. b6 Kf4 46. b7 Kg3 47.
b8=Q+ Kxh3 48. Qf4 g5 49. Qf3+ Kh4 50. Rh7 h5 51.
Rxh5# 1-0

[Event "Live Chess"]
[Site "Chess.com"]
[Date "2023.05.20"]
[Round "-"]
[White "OceanFloater"]
[Black "Richardallis"]
[Result "0-1"]
[WhiteElo "988"]
[BlackElo "1647"]
[TimeControl "300"]
[EndTime "10:52:37 PDT"]
[Termination "Richardallis won by checkmate"]

1. e4 d5 2. e5 Bf5 3. d4 e6 4. g4 Bg6 5. Bd3 c5 6. Bxg6 hxg6 7. h3 Nc6 8. Be3 cxd4 9. Bxd4 Nxd4 10. Qxd4 Ne7 11. Nc3 Nc6 12. Qa4 Bb4 13. Ne2 Qa5 14.
Qxa5 Bxa5 15. a3 Bxc3+ 16. Nxc3 Nxe5 17. O-O-O a6 18. Rhe1 Nf3 19. Re3 Ng5 20. Rh1 O-O 21. h4 Nh7 22. h5 g5 23. h6 g6 24. Rf1 f5 25. gxf5 exf5 26. Nxd5 Rae8 27. f4 g4 28. Rfe1 Kf7 29. Rxe8 Rxe8 30. Rxe8 Kxe8 31. Nb6 g3 32. Nc4 g2 33. Nd6+ Kd7 34. Nc4 g1=Q+ 35. Kd2 Qf2+ 36.
Kc3 Qxf4 37. Kb3 Qxh6 38. Ne5+ Ke6 39. Nd3 Qe3 40. Kc4 Nf6 41. Nc5+ Ke5 42. Nd3+ Ke4 43.
Nc5+ Kf3 44. Nd3 Ne4 45. Ne5+ Kg2 46. Nd3 Nd2+ 47. Kc3 f4 48. b3 f3 49. Kb2 Qd4+ 50. Kc1 Nxb3+ 51. Kd1 f2 52. Ke2 f1=Q# 0-1

[Event "Live Chess"]
[Site "Chess.com"]
[Date "2023.05.20"]
[Round "-"]
[White "booktrunk"]
[Black "Tushinskiy"]
[Result "0-1"]
[WhiteElo "1333"]
[BlackElo "2106"]
[TimeControl "300"]
[EndTime "10:52:40 PDT"]
[Termination "Tushinskiy won by checkmate"]

1. d4 d5 2. Nf3 c6 3. a3 Nf6 4. Nc3 e6 5. Bf4 Bd6 6. Bxd6 Qxd6 7. e3 Nbd7 8. b4 O-O 9. b5 c5 10. dxc5 Nxc5 11. Qd4 b6 12. Be2 Bb7 13. Ng5 e5 14. Qd2 Rad8 15. O-O d4 16. exd4 exd4 17. Nd1 h6 18.
Nf3 Nfe4 19. Qc1 Rfe8 20. Bc4 Qf6 21. Nb2 Nd6 22. Bd3 Bxf3 23. gxf3 Qxf3 24. Nc4 Nxc4 25.
Bxc4 Re5 26. h4 Re4 27. Qd1 Rg4+ 28. Kh2 Qg2# 0-1

[Event "Live Chess"]
[Site "Chess.com"]
[Date "2023.05.20"]
[Round "-"]
[White "stevefairhurst"]
[Black "YF22Raptor"]
[Result "0-1"]
[WhiteElo "584"]
[BlackElo "1016"]
[TimeControl "300"]
[EndTime "10:52:49 PDT"]
[Termination "YF22Raptor won by checkmate"]

1. e4 c6 2. d4 d5 3. Bd3 dxe4 4.
Bxe4 Nf6 5. Bf3 h5 6. g3 Bg4 7. Bxg4 hxg4 8. Bf4 e6 9. Nc3 Bd6 10. Qd2 Bxf4 11. Qxf4 Nbd7 12. O-O-O Nd5 13. Nxd5 cxd5 14. f3 gxf3 15. Nxf3 Qa5 16. Kb1 Rc8 17. Ng5 Nf6 18. Rhe1 Qc7 19. h4 Qxc2+ 20. Ka1 Qg6 21. Rc1 Rxc1+ 22. Rxc1 O-O 23. Rh1 Nh5 24. Qg4 Rc8 25. a3 Nf6 26. h5 Nxg4 27. hxg6 fxg6 28. Nxe6 Rc6 29. Nd8 Rb6 30. Rh4 Nf6 31. g4 g5 32.
Rh2 Nxg4 33. Rg2 Nf6 34. Rxg5 Kf8 35. Re5 Nd7 36. Ne6+ Kg8 37. Re2 Nf6 38. Nf4 Rd6 39. Re7 Rd7 40. Re6 Kf7 41. Ka2 Re7 42. Rd6 Rd7 43. Rxd7+ Nxd7 44. Nxd5 Nb6 45. Nxb6 axb6 46. Kb3 Ke6 47. Kc4 Kd6 48. d5 g5 49. Kd4 g4 50. Ke4 g3 51. Kf3 Kxd5 52. Kxg3 Kc4 53. Kf4 Kb3 54. Ke5 Kxb2 55. Kd6 Kxa3 56. Kc7 b5 57. Kxb7 b4 58. Kb6 b3 59. Kb5 b2 60.
Ka5 b1=Q 61. Ka6 Kb4 62. Ka7 Kc5 63. Ka6 Qb6# 0-1

[Event "Live Chess"]
[Site "Chess.com"]
[Date "2023.05.20"]
[Round "-"]
[White "friarnator"]
[Black "LiamClery2020"]
[Result "1/2-1/2"]
[WhiteElo "1981"]
[BlackElo "2083"]
[TimeControl "300"]
[EndTime "10:52:53 PDT"]
[Termination "Game drawn by agreement"]

1. d4 Nf6 2. Nc3 d6 3. Bg5 Nc6 4. e4 h6 5. Bh4 e5 6. Nf3 Bg4 7. d5 Nd4 8. Be2 Nxe2 9. Qxe2 Qd7 10. O-O-O Be7 11. h3 Bxf3 12. Qxf3 Nxd5 13. Nxd5 Bxh4 14. Qg4 Qxg4 15. hxg4 Bg5+ 16. Kb1 O-O-O 17. g3 c6 18. Nb4 a5 19. Nd3 Bf6 20. f4 exf4 21. gxf4 Rhe8 22. Rde1 Re7 23. e5 dxe5 24. fxe5 Bg5 25. Re4 Rd5 26. Rhe1 b5 27. a3 Bh4 28. R1e2 Bg5 29. Re1 Kc7 30.
Nf4 Bxf4 31. Rxf4 Rdxe5 32. Rxe5 Rxe5 33. Rxf7+ Kd6 34. Rxg7 Rg5 35. Rh7 Rxg4 36. Rxh6+ Kc5 1/2-1/2

[Event "Live Chess"]
[Site "Chess.com"]
[Date "2023.05.20"]
[Round "-"]
[White "vinni3012"]
[Black "ProfPoisson"]
[Result "1-0"]
[WhiteElo "1852"]
[BlackElo "1061"]
[TimeControl "300"]
[EndTime "10:52:56 PDT"]
[Termination "vinni3012 won by checkmate"]

1. d4 e6 2. c4 f5 3. Nc3 Nf6 4. g3 Bb4 5. Bg2 Bxc3+ 6. bxc3 O-O 7. e3 d6 8. Ne2 Qe8 9. O-O e5 10. Ba3 c5 11. d5 Qh5 12. f3 f4 13. exf4 exf4 14. Nxf4 Qh6 15. Re1 Bh3 16. Ne6 Bxg2 17.
Kxg2 Re8 18. Nc7 Rxe1 19. Qxe1 Nbd7 20. Nxa8 Ne5 21. Nc7 Qh5 22. Qe2 Neg4 23. fxg4 Nxg4 24. Qe8+ Qxe8 25. Nxe8 Ne3+ 26. Kf3 Nxc4 27. Bc1 Kf7 28. Nc7 Ne5+ 29. Kg2 h6 30. Bf4 g5 31. Bxe5 dxe5 32.
d6 Kf8 33. Rd1 e4 34. d7 e3 35. d8=Q+ Kg7 36. Rd7+ Kg6 37. g4 h5 38. Qe8+ Kh6 39.
Rd6+ Kh7 40. Qf7+ Kh8 41. Rd8# 1-0

[Event "Live Chess"]
[Site "Chess.com"]
[Date "2023.05.20"]
[Round "-"]
[White "birdseed45"]
[Black "Ferrarifan27"]
[Result "1-0"]
[WhiteElo "1867"]
[BlackElo "2066"]
[TimeControl "300"]
[EndTime "10:52:56 PDT"]
[Termination "birdseed45 won by resignation"]

1. e4 e5 2. Nf3 Nc6 3. Bb5 a6 4.
Ba4 Nf6 5. O-O Be7 6. Re1 b5 7. Bb3 O-O 8. c3 d5 9. d3 dxe4 10. dxe4 Qxd1 11. Rxd1 Nxe4 12. Bd5 Nxf2 13. Kxf2 Bc5+ 14.
Be3 Bxe3+ 15. Kxe3 Bb7 16. Na3 Rad8 17. Bxc6 Bxc6 18.
Rxd8 Rxd8 19. Nc2 f6 20. Nb4 Bb7 21. a4 bxa4 22. Rxa4 Rd6 23. Nd2 Bxg2 24. Rxa6 Rd8 25.
Ne4 f5 26. Nf2 f4+ 27. Ke2 e4 28. Re6 Kf7 29. Re5 Kf6 30. Ng4+ Kg6 31. Nd5 h5 32.
Nxf4+ Kf7 33. Nxg2 hxg4 34. Rxe4 Rb8 35. b4 Ra8 36. Rxg4 Ra2+ 37. Kf3 Rc2 38. Rc4 Kf6 39. Ne3 Rc1 40. Rxc7 g5 41. Ng4+ Kf5 42. Rc5+ Kg6 43. b5 Kh5 44. h3 Rf1+ 45. Kg2 Rb1 46. c4 Rb2+ 47. Kg3 Rb3+ 48. Kg2 Kh4 49. Rc8 Rb2+ 50. Nf2 Kh5 51. Rb8 Rc2 52. Rc8 Rb2 53. Kf3 Rb3+ 54. Ke4 Kh4 55. Kd5 Kg3 56. Ne4+ Kf4 57. Rf8+ Ke3 58.
Nxg5 Kd3 59. Kc5 Kc2 60. b6 Kb2 61. Kc6 Ka3 62. c5 Ka4 63. b7 Ka5 64. b8=Q Rxb8 65. Rxb8 1-0

[Event "Live Chess"]
[Site "Chess.com"]
[Date "2023.05.20"]
[Round "-"]
[White "alanmike75"]
[Black "MarkLim1"]
[Result "1-0"]
[WhiteElo "1491"]
[BlackElo "1612"]
[TimeControl "300"]
[EndTime "10:52:58 PDT"]
[Termination "alanmike75 won by resignation"]

1. e4 e6 2. d4 d5 3. e5 c5 4. c3 Nc6 5. Nf3 Nge7 6. Be2 Nf5 7. b3 cxd4 8. cxd4 Qb6 9. Bb2 Bb4+ 10. Kf1 Bd7 11.
g4 Nfe7 12. a3 Ba5 13. b4 O-O 14. Bc3 Bxb4 15. Bxb4 Rfe8 16. Bxe7 Rxe7 17. Nbd2 Na5 18. Rb1 Qc7 19. Kg2 b5 20. Qc1 Nc4 21. Nxc4 bxc4 22. Qc3 Rae8 23. Rb4 f6 24. Rhb1 fxe5 25. Nxe5 a6 26. Rb7 Qd8 27. Qb4 Kf8 28. Rxd7 1-0

[Event "Live Chess"]
[Site "Chess.com"]
[Date "2023.05.20"]
[Round "-"]
[White "stevegleds"]
[Black "1600x"]
[Result "0-1"]
[WhiteElo "607"]
[BlackElo "1551"]
[TimeControl "300"]
[EndTime "10:53:01 PDT"]
[Termination "1600x won by resignation"]

1. e4 d5 2. e5 c6 3. Nf3 Bf5 4. d3 e6 5. Be2 Ne7 6. O-O Nd7 7.
Nc3 c5 8. b3 h6 9. Bb2 d4 10. Ne4 Nd5 11. c4 Bxe4 12. dxe4 Nb4 13. a3 Nc6 14. Re1 Be7 15. b4 Qb6 16. b5 Ncxe5 17. Nxe5 Nxe5 18. a4 a6 19. Qb3 Ng6 20.
Bf3 axb5 21. axb5 O-O 22. Rxa8 Rxa8 23. Ra1 Rxa1+ 24. Bxa1 Qa5 25. Qd1 Ne5 26. Bb2 Nxc4 27. h3 Nxb2 28. Bh5 Nxd1 0-1

[Event "Live Chess"]
[Site "Chess.com"]
[Date "2023.05.20"]
[Round "-"]
[White "Supertromp"]
[Black "ranvir123"]
[Result "1-0"]
[WhiteElo "2183"]
[BlackElo "885"]
[TimeControl "300"]
[EndTime "10:53:07 PDT"]
[Termination "Supertromp won by resignation"]

1. e4 e5 2. Nf3 Nc6 3. Bc4 Bc5 4. d3 Nf6 5. O-O O-O 6. c3 d6 7. Nbd2 Bg4 8. a4 a5 9. Re1 Ne7 10. Nf1 d5 11. exd5 Nexd5 12. h3 Bh5 13. Ng3 Bxf3 14. Qxf3 Nf4 15. Bxf4 exf4 16. Qxf4 Re8 17. Qg5 Rxe1+ 18. Rxe1 c6 19. Qxc5 1-0

[Event "Live Chess"]
[Site "Chess.com"]
[Date "2023.05.20"]
[Round "-"]
[White "xx_blindpuffin_xx"]
[Black "TobyQuaite"]
[Result "1-0"]
[WhiteElo "2191"]
[BlackElo "1700"]
[TimeControl "300"]
[EndTime "10:53:13 PDT"]
[Termination "xx_blindpuffin_xx won by resignation"]

1. d4 e6 2. Bf4 Nf6 3. e3 c5 4. c3 d5 5. Nd2 Qb6 6. Qb3 Nbd7 7. Qxb6 Nxb6 8. Ngf3 cxd4 9. exd4 Nbd7 10. h3 b6 11. Bb5 Bb7 12. O-O a6 13. Bd3 Ne4 14. Rfe1 f5 15. Ne5 Nxe5 16. dxe5 Bc5 17. Re2 g5 18. Bxe4 gxf4 19. Bf3 Rg8 20. b4 Be7 21. Nb3 Kd7 22. Rd1 Kc7 23. Nd4 Rg6 24. Rc2 b5 25. a4 Bc6 26. Ra2 bxa4 27. Nxc6 Kxc6 28. Rxa4 Kb5 29. Ra5+ Kb6 30. Rda1 Ra7 31. Be2 Rg8 32. Rxa6+ Rxa6 33. Rxa6+ Kb7 34. Rxe6 1-0

[Event "Live Chess"]
[Site "Chess.com"]
[Date "2023.05.20"]
[Round "-"]
[White "amazinggoalkeeper"]
[Black "PiotrD11"]
[Result "0-1"]
[WhiteElo "499"]
[BlackElo "1329"]
[TimeControl "300"]
[EndTime "10:53:17 PDT"]
[Termination "PiotrD11 won by resignation"]

1. e4 d5 2. e5 d4 3. Nf3 Nc6 4. Bc4 Bg4 5. O-O e6 6. Re1 Nge7 7. h3 Bh5 8. g4 Bg6 9. h4 h6 10. h5 Bh7 11. c3 dxc3 12. dxc3 Qxd1 13. Rxd1 a6 14. Nd4 Nxd4 15. Rxd4 Nc6 16. Rd1 Nxe5 17. Bd3 Nxd3 18. Nd2 Bc5 19. Kg2 Nxf2 20. Rf1 Nxg4 21. Kg3 Ne3 22. Rf3 Bd6+ 23. Kf2 Nc2 24. Rb1 O-O 25.
Ke2 Rad8 26. Kd1 Be5 0-1

[Event "Live Chess"]
[Site "Chess.com"]
[Date "2023.05.20"]
[Round "-"]
[White "Vladyslav2008"]
[Black "lHolyDiverl"]
[Result "1-0"]
[WhiteElo "2194"]
[BlackElo "562"]
[TimeControl "300"]
[EndTime "10:53:35 PDT"]
[Termination "Vladyslav2008 won by resignation"]

1. e4 c6 2. d4 d5 3. e5 Bf5 4. Ne2 e6 5. Ng3 Bg6 6. h4 h5 7. Be2 Ne7 8. Nxh5 Nf5 9. g3 Qb6 10. c3 c5 11. Nf4 cxd4 12. Nxg6 fxg6 13. h5 dxc3 14. Nxc3 Bc5 15. O-O Nc6 16. Na4 Qb4 17.
Bd2 Qe4 18. Nxc5 Nh4 19. Nxe4 1-0

[Event "Live Chess"]
[Site "Chess.com"]
[Date "2023.05.20"]
[Round "-"]
[White "JanMur7"]
[Black "Outspanner"]
[Result "1-0"]
[WhiteElo "1950"]
[BlackElo "1534"]
[TimeControl "300"]
[EndTime "10:53:44 PDT"]
[Termination "JanMur7 won on time"]

1. e4 d6 2. d4 Nf6 3. Nc3 Nbd7 4.
f4 e5 5. Nf3 exd4 6. Nxd4 g6 7.
Bc4 Bg7 8. Be3 O-O 9. Qd2 c6 10.
O-O-O b5 11. Nxc6 Qc7 12. Bxb5 Re8 13. Qxd6 Qxd6 14. Rxd6 a6 15. Bd3 Bf8 16. Rd5 Nxd5 17. Nxd5 Bb7 18. Ne5 Bxd5 19. Nxd7 Bc6 20. Nf6+ Kg7 21.
Nxe8+ Rxe8 22. Bd4+ f6 23. Re1 Bb5 24. Bxb5 axb5 25. e5 fxe5 26. Rxe5 Rxe5 27. Bxe5+ Kf7 28. c3 Ke6 29. Kd2 Kd5 30. Kd3 Bc5 31. b3 Bg1 32.
h3 Bh2 33. c4+ Kc6 34. b4 bxc4+ 35. Kxc4 g5 36. b5+ Kb7 37. fxg5 Bxe5 38. g6 hxg6 39. a4 g5 40. a5 Bd6 41. a6+ Kb6 42. Kd5 1-0

[Event "Live Chess"]
[Site "Chess.com"]
[Date "2023.05.20"]
[Round "-"]
[White "wadsy27"]
[Black "lateforthesky"]
[Result "1-0"]
[WhiteElo "2588"]
[BlackElo "2071"]
[TimeControl "300"]
[EndTime "10:53:46 PDT"]
[Termination "wadsy27 won by resignation"]

1. c4 g6 2. g3 Bg7 3. Bg2 d6 4. Nc3 Nf6 5. d3 O-O 6. e4 c5 7. Nge2 Nc6 8. O-O Rb8 9. h3 Nd4 10. Nxd4 cxd4 11. Ne2 Nd7 12. a4 a5 13. Bd2 Nc5 14. Nc1 e5 15. Nb3 b6 16. Nc1 h6 17.
Kh2 Kh7 18. f4 f5 19. b4 axb4 20. Bxb4 fxe4 21. dxe4 Be6 22. fxe5 dxe5 23. a5 Rxf1 24. Qxf1 Qc7 25. axb6 Qxb6 26. Bxc5 Qxc5 27. Nd3 Qxc4 28. Ra7 Kg8 29. h4 Rf8 30. Qd1 h5 31. Bh3 Bxh3 32.
Kxh3 Qc8+ 33. Kg2 Rf7 34. Qb3 Qe8 35. Qd5 Bf8 36. Nxe5 1-0

[Event "Live Chess"]
[Site "Chess.com"]
[Date "2023.05.20"]
[Round "-"]
[White "Greenbecker"]
[Black "Inglaterra"]
[Result "0-1"]
[WhiteElo "1659"]
[BlackElo "2076"]
[TimeControl "300"]
[EndTime "10:53:48 PDT"]
[Termination "Inglaterra won on time"]

1. e4 e6 2. d4 d5 3. exd5 exd5 4. Nf3 Bd6 5. Bd3 Ne7 6. O-O O-O 7. Re1 Bf5 8. Nc3 Bxd3 9. Qxd3 c6 10. Bg5 f6 11.
Bh4 Nd7 12. Qe2 Ng6 13. Qe6+ Kh8 14. Qxd6 Nb6 15. Qxd8 Raxd8 16. Bg3 Kg8 17. Bc7 Rd7 18. Bxb6 axb6 19. g3 Kf7 20. Re2 Ne7 21. Nh4 h5 22. Rae1 Nc8 23. Nf5 g6 24. Ne3 Nd6 25. Ng2 b5 26. b3 Ra8 27. Nf4 Nf5 28. Rd2 Ra3 29. Kf1 b4 30. Na4 Rxa2 31. Nc5 Rc7 32. Nfe6 Re7 33.
Nd8+ Ke8 34. Rxe7+ Kxe7 35. Ndxb7 Ra1+ 36. Kg2 Kf7 37. h3 Re1 38. Nd3 Re4 39. Nxb4 h4 40. Nxc6 hxg3 41.
fxg3 Re3 42. g4 Nh4+ 43. Kf2 Rxh3 44. Nbd8+ Ke8 45. Re2+ Kd7 46. Re7+ Kd6 47. Re6+ Kd7 48. Rxf6 g5 49. Rf7+ Ke8 50. Re7+ Kf8 51. Ne6+ Kg8 52. Nxg5 Rh1 53. Kg3 Ng6 54. Re8+ Kg7 55. Ne5 Rg1+ 56. Kf2 Rc1 57. Nxg6 Rxc2+ 58. Ke3 Kxg6 59. Ne6 Rc3+ 60. Kd2 Rxb3 61. Nc7 Rg3 62. Re5 Rxg4 63. Rxd5 Kf6 0-1

[Event "Live Chess"]
[Site "Chess.com"]
[Date "2023.05.20"]
[Round "-"]
[White "Wlzard-1"]
[Black "MrDodgy"]
[Result "0-1"]
[WhiteElo "986"]
[BlackElo "2330"]
[TimeControl "300"]
[EndTime "10:53:51 PDT"]
[Termination "MrDodgy won by checkmate"]

1. Nf3 d5 2. g3 Nf6 3. Bg2 g6 4. d4 Bg7 5. O-O O-O 6. Bg5 c5 7. c3 cxd4 8. cxd4 Nc6 9. Nc3 h6 10. Bxf6 Bxf6 11. e3 Bg7 12. a3 Bg4 13. h3 Bf5 14.
Nh4 Be6 15. Nf3 Rc8 16. b4 Nxd4 17. exd4 Rxc3 18. Ne5 Qc8 19. Qd2 Rc2 20. Qd3 Bf5 21. Qe3 Bxh3 22. Bxh3 Qxh3 23. Nf3 Qf5 24. Kg2 e6 25.
Nh4 Qe4+ 26. Qxe4 dxe4 27. Kg1 Bxd4 28. Ng2 Bxa1 29. Rxa1 Rfc8 30. Kh2 Rxf2 31. Kh3 Rc3 32. a4 Rff3 33. Kh2 Rxg3 34. Nf4 Rgf3 35. Ne2 Rc2 36.
Re1 Rf2+ 37. Kg1 Rfxe2 38. Rxe2 Rxe2 39. Kf1 Rb2 40. Ke1 h5 41. Kd1 h4 42. Kc1 Rf2 43.
Kd1 h3 44. Ke1 e3 45. b5 h2 46. a5 h1=R# 0-1

[Event "Live Chess"]
[Site "Chess.com"]
[Date "2023.05.20"]
[Round "-"]
[White "LiamClery2020"]
[Black "YF22Raptor"]
[Result "1-0"]
[WhiteElo "2083"]
[BlackElo "1016"]
[TimeControl "300"]
[EndTime "10:54:02 PDT"]
[Termination "LiamClery2020 won by resignation"]

1. e4 c6 2. c4 d5 3. cxd5 cxd5 4. exd5 Qxd5 5. Nc3 Qd8 6. Nf3 e6 7. h3 Nc6 8. d4 Nf6 9. Bd3 Nxd4 10. Nxd4 Bc5 11.
Nf3 Bb4 12. O-O Bxc3 13. bxc3 a6 14. Bg5 O-O 15. Qc2 h6 16. Rad1 Qe7 17. Bxf6 Qxf6 18. Rfe1 1-0

[Event "Live Chess"]
[Site "Chess.com"]
[Date "2023.05.20"]
[Round "-"]
[White "MaximKhimchenko"]
[Black "MaximKris"]
[Result "0-1"]
[WhiteElo "1347"]
[BlackElo "1860"]
[TimeControl "300"]
[EndTime "10:54:06 PDT"]
[Termination "MaximKris won by resignation"]

1. e4 e5 2. Nf3 Nc6 3. d4 exd4 4. Bc4 Bc5 5. c3 d6 6. cxd4 Bb4+ 7. Qd2 Nf6 8. Nc3 Nxe4 9. Qe3 d5 10. Bd3 f5 11.
Bd2 Bxc3 12. bxc3 O-O 13. O-O Nxd2 14. Nxd2 f4 15. Qf3 Bf5 16. Rae1 Bxd3 17. Qxd3 Qf6 18.
Nf3 Rae8 19. Ne5 Nxe5 20. dxe5 Rxe5 21. Rxe5 Qxe5 22. Rd1 Re8 23. h3 c6 24. Kh2 f3+ 25.
g3 Qe2 26. Qxe2 Rxe2 0-1

[Event "Live Chess"]
[Site "Chess.com"]
[Date "2023.05.20"]
[Round "-"]
[White "Andysav3"]
[Black "KeithArkell"]
[Result "0-1"]
[WhiteElo "1694"]
[BlackElo "2612"]
[TimeControl "300"]
[EndTime "10:54:11 PDT"]
[Termination "KeithArkell won by resignation"]

1. e4 c6 2. Nf3 d5 3. d3 Bg4 4.
h3 Bxf3 5. Qxf3 e6 6. g3 Nd7 7. Bg2 Ngf6 8. O-O Bc5 9. c3 O-O 10.
Be3 dxe4 11. dxe4 Bxe3 12. Qxe3 Qb6 13. Qxb6 axb6 14. Nd2 Rfd8 15. Nb3 Nc5 16. Nxc5 bxc5 17. f3 Kf8 18. Rf2 Ke7 19. Re2 c4 20. Kf2 Nd7 21.
Rd2 Nc5 22. Rxd8 Rxd8 23. Ke2 Ra8 24. a3 e5 25. Rd1 g5 26. Ke3 Ra6 27. Bf1 b5 28. f4 gxf4+ 29. gxf4 f6 30. h4 Ra8 31. Be2 Rg8 32. Rf1 Rg3+ 33. Rf3 Rg4 34. Bf1 Rxh4 35.
fxe5 Rxe4+ 36. Kd2 Rxe5 37. Bh3 Ne4+ 38. Kc2 Ng5 39.
Rg3 Nxh3 40. Rxh3 h5 0-1

[Event "Live Chess"]
[Site "Chess.com"]
[Date "2023.05.20"]
[Round "-"]
[White "BillythekidFellowes"]
[Black "BJAW87"]
[Result "1-0"]
[WhiteElo "1998"]
[BlackElo "1438"]
[TimeControl "300"]
[EndTime "10:54:12 PDT"]
[Termination "BillythekidFellowes won by resignation"]

1. e4 c6 2. Nf3 d5 3. exd5 cxd5 4. d4 Nc6 5. c4 Nf6 6. Nc3 Bg4 7.
Be3 dxc4 8. Bxc4 e6 9. O-O Bd6 10. h3 Bh5 11. d5 exd5 12. Nxd5 O-O 13. Bg5 Ne5 14. Be2 Nxf3+ 15. Bxf3 Bxf3 16. Qxf3 Be7 17.
Nxe7+ Qxe7 18. Rfe1 Qd6 19. Rad1 Qb6 20. Qf4 Qxb2 21.
Rd4 Nh5 22. Qh4 f6 23. Bc1 Qc3 24. Red1 g6 25. Rd7 Rf7 26. Rxf7 Kxf7 27. g4 Qc4 28. Be3 Nf4 29. Qxh7+ Ke6 30. Qd7+ Ke5 31. Qd6+ Ke4 32. Rd4+ Qxd4 33. Qxd4+ Kf3 34. Qxf4+ Ke2 1-0

[Event "Live Chess"]
[Site "Chess.com"]
[Date "2023.05.20"]
[Round "-"]
[White "misha464"]
[Black "yarek"]
[Result "0-1"]
[WhiteElo "743"]
[BlackElo "1895"]
[TimeControl "300"]
[EndTime "10:54:18 PDT"]
[Termination "yarek won by resignation"]

1. e4 g6 2. g3 Bg7 3. Bg2 c6 4. Nc3 d6 5. d3 Nf6 6. Bg5 O-O 7. Bxf6 Bxf6 8. Bh3 Bxh3 9. Nxh3 Qd7 10. Nf4 Bg7 11.
h4 h5 12. d4 Na6 13. d5 c5 14. Qd2 b5 15. a3 b4 16. axb4 Nxb4 17. Nd3 a5 18.
Nxb4 axb4 19. Ne2 Rxa1+ 0-1

[Event "Live Chess"]
[Site "Chess.com"]
[Date "2023.05.20"]
[Round "-"]
[White "EdenHazard8"]
[Black "LodeshChess"]
[Result "1-0"]
[WhiteElo "2112"]
[BlackElo "946"]
[TimeControl "300"]
[EndTime "10:54:19 PDT"]
[Termination "EdenHazard8 won by resignation"]

1. e4 c6 2. d4 d5 3. e5 Bf5 4.
h4 h6 5. Bd3 Bxd3 6. Qxd3 e6 7.
Nf3 c5 8. c3 Nc6 9. Be3 Qb6 10.
Nbd2 cxd4 11. cxd4 Nge7 12. O-O Nf5 13. Nb3 Nxe3 14.
fxe3 Be7 15. Rac1 O-O 16. Nc5 a6 17. Nd7 Qd8 18. Nxf8 Bxf8 19. Qb3 Qd7 20. Rc2 b5 21. Rfc1 Na5 22. Qd3 Nc4 23. b3 Na5 24. Rc7 Qd8 25. Qc3 Be7 26. Qxa5 Bxh4 27. Nxh4 Qxh4 28. Rc8+ Rxc8 29.
Rxc8+ Kh7 30. Qd2 Qe4 31. Qc2 Qxc2 32. Rxc2 Kg6 33. Rc6 1-0

[Event "Live Chess"]
[Site "Chess.com"]
[Date "2023.05.20"]
[Round "-"]
[White "LL220284LL"]
[Black "Ayush_prahlad_Gupta"]
[Result "0-1"]
[WhiteElo "2380"]
[BlackElo "1808"]
[TimeControl "300"]
[EndTime "10:54:23 PDT"]
[Termination "Ayush_prahlad_Gupta won by resignation"]

1. b3 e5 2. Bb2 Nf6 3. Bxe5 Nc6 4. Bb2 d6 5. Nf3 Be7 6. g3 O-O 7. Bg2 Be6 8. O-O Qd7 9. Re1 Bh3 10. Bh1 Ne5 11.
Nxe5 dxe5 12. Bxe5 Ng4 13. Bb2 Qf5 14. Bf3 Qh5 15.
e4 Bg5 16. d3 f5 17. Nd2 f4 18.
Bxg4 Bxg4 19. f3 fxg3 20. hxg3 Qh3 21. Be5 Bh5 22. g4 Bxg4 23. fxg4 Bh4 24. Qe2 Rf2 25. Qxf2 Bxf2+ 26. Kxf2 Rf8+ 27. Kg1 Qxg4+ 28. Kh1 Qh5+ 29. Bh2 Rf2 30. Nf1 Qf3+ 0-1

[Event "Live Chess"]
[Site "Chess.com"]
[Date "2023.05.20"]
[Round "-"]
[White "Kr1xot4_XGOD"]
[Black "jameskwong"]
[Result "1-0"]
[WhiteElo "2207"]
[BlackElo "2156"]
[TimeControl "300"]
[EndTime "10:54:25 PDT"]
[Termination "Kr1xot4_XGOD won by resignation"]

1. e4 c5 2. Nf3 Nc6 3. d4 cxd4 4. Nxd4 Nf6 5. Nc3 d6 6. Bg5 e6 7. f4 a6 8. Nxc6 bxc6 9. e5 h6 10. Bxf6 gxf6 11. exd6 Qxd6 12. Qxd6 Bxd6 13. f5 exf5 14. O-O-O Be5 15. g3 Bd7 16. Bg2 Ke7 17. Rhe1 Rab8 18.
Rd2 Rhd8 19. b3 Be8 20. Rxd8 Rxd8 21. Ne2 Kf8 22. Nf4 Bxf4+ 23. gxf4 Rd4 24. Rf1 c5 25. c3 Rd3 26. Rd1 Rxd1+ 27. Kxd1 Ke7 28. b4 cxb4 29.
cxb4 Kd6 30. Kc2 Bd7 31. Kc3 Kc7 32. Bd5 Be6 33. Kd4 Kb6 34. a4 Kc7 35. Bc4 Kb6 36.
a5+ Kb7 37. b5 axb5 38. Bxb5 Kc7 39. Kc5 Kb7 40. Kd6 Kc8 41. Ke7 Kc7 42. Kxf6 Kd6 43. h4 Kc5 44. Be8 Kd4 45. a6 Bc8 46. a7 Bb7 47. Kxf5 Kc5 48. Bxf7 Kb6 49. Kg6 Kxa7 50. h5 Kb6 51. Kxh6 Kc5 52. f5 Kd6 53. f6 Ke5 54. Kg6 Be4+ 55. Kg7 Kf5 56. Bg6+ 1-0

[Event "Live Chess"]
[Site "Chess.com"]
[Date "2023.05.20"]
[Round "-"]
[White "LaupMiths"]
[Black "Pandreq"]
[Result "1-0"]
[WhiteElo "1827"]
[BlackElo "1268"]
[TimeControl "300"]
[EndTime "10:54:34 PDT"]
[Termination "LaupMiths won on time"]

1. Nf3 Nf6 2. c4 g6 3. b3 Bg7 4.
Bb2 O-O 5. g3 d6 6. d4 Nc6 7.
Bg2 Bd7 8. O-O Rb8 9. a3 e5 10.
d5 Ne7 11. Nfd2 c6 12. e4 cxd5 13. cxd5 Bb5 14. Re1 Qb6 15. a4 Bd3 16. h3 Rfc8 17. Na3 Nh5 18. Qf3 Bc2 19. Nac4 Qc7 20. Rac1 Bxe4 21.
Nxe4 Nxd5 22. Ncxd6 Qd7 23. Rxc8+ Rxc8 24. Ng5 Rc2 25. Ba3 Nhf6 26. Rxe5 Ra2 27. Rxd5 Nxd5 28. Qxd5 Rxa3 29. Ngxf7 Kf8 30. Ng5 Ra1+ 31. Kh2 Re1 32.
Nxh7+ Ke7 33. Ng5 Qxd6 34. Qf7+ Kd8 35. Qxg7 Qe7 36. Qg8+ Kd7 37. Qd5+ 1-0